WASHINGTON vs MONTREAL

Created - Friday, February 23, 2018 at 09:28

Goals
1 2 3 OT1 T
WASHINGTON 1 0 1 0 2
MONTREAL 0 1 1 1 3
Shots
1 2 3 OT1 T
WASHINGTON 10 6 7 1 24
MONTREAL 8 8 14 2 32

1st period

1. WASHINGTON , Viktor Arvidsson 14 (Zach Werenski 25) at 2:12 (SH)

Penalties :
Roman Polak (WSH) for Tripping (Minor) at 1:05, Brayden Schenn (WSH) for Holding (Minor) at 4:57, Brayden Schenn (WSH) for Roughing (Minor) at 9:59

2nd period

2. MONTREAL , Max Pacioretty 26 (Nathan MacKinnon 34, Tobias Enstrom 12) at 4:48

Penalties :
Marc Staal (MON) for Fighting (Major) at 1:37, Alexander Wennberg (WSH) for Fighting (Major) at 1:37, Vincent Trocheck (MON) for Roughing (Minor) at 5:38, Victor Hedman (WSH) for Delaying the game (Minor) at 5:38, Brian Dumoulin (MON) for Tripping (Minor) at 14:36

3rd period

3. MONTREAL , Sven Andrighetto 5 (Tobias Enstrom 13, Phillip Danault 13) at 0:55
4. WASHINGTON , Viktor Arvidsson 15 (Sami Vatanen 22, Damon Severson 22) at 16:25

Penalties :
Tyler Myers (MON) for Interference (Minor) at 8:22, Jason Demers (MON) for Interference (Minor) at 10:27

Overtime #1

5. MONTREAL , Devin Shore 3 (Phillip Danault 14, Tyler Myers 32) at 3:14

Penalties :
No Penalty

Goalie Stats

Ryan Miller (WSH), 29 saves from 32 shots - (0.906), OTL, 8-11-1, 63:15 minutes
Robin Lehner (MON), 22 saves from 24 shots - (0.917), W, 31-16-5, 63:15 minutes

Players Stats for WASHINGTON

Player Name              G  A  P  +/- PIM S  H  SB GA TA FO     MP     PP MP  PK MP  
------------------------------------------------------------------------------------
Alexander Wennberg       0  0  0  -1  5   3  0  0  0  0  9/18   17:07   3:13   0:16 
Brayden Schenn           0  0  0   1  4   2  3  0  0  0  0/2    20:42   2:44   0:32 
Brett Ritchie            0  0  0  -2  0   0  1  0  0  0  0/1    13:55   0:00   0:00 
Cal Clutterbuck          0  0  0   0  0   0  2  0  0  0  0/0    12:03   0:06   0:00 
Casey Cizikas            0  0  0  -2  0   2  1  0  0  0  0/0    19:19   3:07   2:17 
Colin Wilson             0  0  0   0  0   1  0  0  0  0  1/2    16:37   3:07   1:33 
Damon Severson           0  1  1  -1  0   0  1  2  0  0  0/0    23:33   3:07   2:36 
Jim Slater               0  0  0   0  0   0  0  0  0  0  0/0     0:00   0:00   0:00 
Joakim Nordstrom         0  0  0   0  0   0  0  0  0  0  1/13   11:57   0:00   0:00 
Nathan Gerbe             0  0  0  -1  0   0  1  0  0  0  0/3     6:27   0:06   0:00 
Rene Bourque             0  0  0   0  0   2  1  0  0  0  0/0     4:37   0:00   0:11 
Roman Polak              0  0  0   0  2   3  2  1  0  0  0/0    18:46   3:07   0:33 
Ryan Johansen            0  0  0   1  0   3  0  0  0  0  20/36  25:44   2:44   3:36 
Sami Vatanen             0  1  1  -1  0   1  1  0  0  0  0/0    16:18   0:00   0:00 
Tom Gilbert              0  0  0   0  0   0  0  0  0  0  0/0     0:30   0:26   0:04 
Victor Hedman            0  0  0   0  2   1  4  2  0  0  0/0    25:48   2:44   3:06 
Viktor Arvidsson         2  0  2   1  0   5  1  0  0  0  2/4    25:37   2:44   3:29 
Xavier Ouellet           0  0  0   0  0   0  1  0  0  0  0/0    14:45   0:00   2:29 
Zach Werenski            0  1  1   0  0   0  0  1  0  0  0/0    26:48   2:30   3:06 
Zemgus Girgensons        0  0  0   0  0   1  0  0  0  0  0/2     4:26   0:00   0:00 

Players Stats for MONTREAL

Player Name              G  A  P  +/- PIM S  H  SB GA TA FO     MP     PP MP  PK MP  
------------------------------------------------------------------------------------
Brian Dumoulin           0  0  0   1  2   0  1  0  0  0  0/0    25:35   2:12   1:59 
Brian Gionta             0  0  0   0  0   3  1  0  0  0  1/2    12:12   0:00   0:28 
Devin Shore              1  0  1   1  0   2  0  0  0  0  4/7     6:42   0:42   0:00 
Gabriel Dumont           0  0  0   0  0   0  0  0  0  0  0/0     5:15   0:00   0:00 
Jason Demers             0  0  0  -2  2   0  4  0  0  0  0/0    22:43   3:45   1:37 
Jason Pominville         0  0  0   1  0   0  1  0  0  0  1/3    17:40   2:12   0:00 
Marc Staal               0  0  0   0  5   0  5  0  0  0  0/0    18:13   3:45   3:10 
Max Pacioretty           1  0  1   1  0   9  1  0  0  0  6/13   24:55   2:12   3:35 
Micheal Ferland          0  0  0   0  0   1  0  0  0  0  0/0     5:43   0:00   0:28 
Nathan Beaulieu          0  0  0   0  0   0  1  0  0  0  0/0    18:08   0:00   0:14 
Nathan MacKinnon         0  1  1   1  0   2  3  0  0  0  16/22  24:55   2:12   3:35 
Phillip Danault          0  2  2   1  0   1  3  0  0  0  9/12   12:13   0:00   0:00 
Rickard Rakell           0  0  0  -1  0   1  0  0  0  0  3/4    17:25   3:45   0:00 
Sven Andrighetto         1  0  1  -1  0   4  0  0  0  0  0/1    14:47   3:03   0:00 
Tobias Enstrom           0  2  2   2  0   0  1  2  0  0  0/0    15:53   0:00   2:36 
Tyler Johnson            0  0  0   0  0   4  0  0  0  0  7/12   16:39   0:00   1:54 
Tyler Myers              0  1  1   1  2   1  2  1  0  0  0/0    25:54   2:12   2:18 
Vincent Trocheck         0  0  0  -1  2   4  0  0  0  0  1/5    20:07   3:45   1:54 

3 Stars

1 - Viktor Arvidsson (WSH)
2 - Tobias Enstrom (MON)
3 - Phillip Danault (MON)

Power Play

WASHINGTON - 0 on 3 Attempt(s) - 0.00%
MONTREAL - 0 on 3 Attempt(s) - 0.00%

Penalty Kill

WASHINGTON - 3 on 3 Attempt(s) - 100.00% - Score 1 goal in Penalty Kill
MONTREAL - 3 on 3 Attempt(s) - 100.00% - Score 0 goal in Penalty Kill

Team Stat

WASHINGTON - Hits : 19 - Faceoff Wins : 33 - Blocked Shots : 6 - Penalty Minutes : 13
MONTREAL - Hits : 23 - Faceoff Wins : 48 - Blocked Shots : 3 - Penalty Minutes : 13

Official

Referees : Unknown
Linesman : Unknown

Game Notes

Marc Staal and Alexander Wennberg fight to a draw at 1:37 of 2nd period

Finance

Level 1 -- Attendance: 4793 (79.88%) -- Ticket Income $479,300
Level 2 -- Attendance: 4160 (83.20%) -- Ticket Income $249,600
Level 3 -- Attendance: 1833 (91.65%) -- Ticket Income $64,155
Level 4 -- Attendance: 4000 (100.00%) -- Ticket Income $80,000
Luxury Box -- Attendance: 763 (76.30%) -- Ticket Income $152,600
Game was played at the Bell Centre.
Total Attendance: 15549 (86.38%)
Total Ticket Income: $1,025,655
Total Income: $1,025,655

WASHINGTON

5 vs 5 Forward 
   Center                   Left Wing                Right Wing               Time % Phy DF OF 
 1 Ryan Johansen            Brayden Schenn           Viktor Arvidsson         40     1   2  2  
 2 Alexander Wennberg       Brett Ritchie            Casey Cizikas            35     1   2  2  
 3 Joakim Nordstrom         Colin Wilson             Cal Clutterbuck          20     1   3  1  
 4 Zemgus Girgensons        Nathan Gerbe             Rene Bourque             5      2   2  1  

5 vs 5 Defense 
   Defense                  Defense                                           Time % Phy DF OF 
 1 Victor Hedman            Zach Werenski                                     40     1   2  2  
 2 Damon Severson           Sami Vatanen                                      30     1   2  2  
 3 Roman Polak              Xavier Ouellet                                    20     1   2  2  
 4 Victor Hedman            Zach Werenski                                     10     1   2  2  

PowerPlay Forward 
   Center                   Left Wing                Right Wing               Time % Phy DF OF 
 1 Ryan Johansen            Brayden Schenn           Viktor Arvidsson         60     1   1  3  
 2 Alexander Wennberg       Colin Wilson             Casey Cizikas            40     1   1  3  

PowerPlay Defense
   Defense                  Defense                                           Time % Phy DF OF 
 1 Victor Hedman            Zach Werenski                                     60     1   1  3  
 2 Damon Severson           Roman Polak                                       40     1   1  3  

Penalty Kill 4 Players Forward 
   Center                   Wing                     Time % Phy DF OF 
 1 Ryan Johansen            Viktor Arvidsson         60     1   4  0  
 2 Brayden Schenn           Casey Cizikas            40     1   4  0  

Penalty Kill 4 Players Defense
   Defense                  Defense                  Time % Phy DF OF 
 1 Victor Hedman            Zach Werenski            60     1   4  0  
 2 Damon Severson           Xavier Ouellet           40     1   4  0  

Penalty Kill - 3 Players Forward 
   Forward                                           Time % Phy DF OF 
 1 Ryan Johansen                                     60     1   4  0  
 2 Viktor Arvidsson                                  40     1   4  0  

Penalty Kill - 3 Players Defense
   Defense                  Defense                  Time % Phy DF OF 
 1 Victor Hedman            Zach Werenski            60     1   4  0  
 2 Damon Severson           Xavier Ouellet           40     1   4  0  

4 vs 4 Forward 
   Center                   Wing                     Time % Phy DF OF 
 1 Ryan Johansen            Viktor Arvidsson         60     1   2  2  
 2 Alexander Wennberg       Brayden Schenn           40     1   2  2  

4 vs 4 Defense
   Defense                  Defense                  Time % Phy DF OF 
 1 Victor Hedman            Zach Werenski            60     1   2  2  
 2 Damon Severson           Roman Polak              40     1   2  2  

Last Minutes Offensive
   Center                   Left Wing                Right Wing               Defense                  Defense                  
   Ryan Johansen            Brayden Schenn           Viktor Arvidsson         Victor Hedman            Zach Werenski            

Last Minutes Defensive
   Center                   Left Wing                Right Wing               Defense                  Defense                  
   Ryan Johansen            Viktor Arvidsson         Casey Cizikas            Victor Hedman            Zach Werenski            

Goaltenders
Starting : Ryan Miller              
Backup : Mike Condon              

Extra Forwards
Normal : Nathan Gerbe, Ryan Johansen, Colin Wilson - PP : Nathan Gerbe, Ryan Johansen - PK : Colin Wilson
Extra Defensemen
Normal : Roman Polak, Xavier Ouellet, Damon Severson - PP : Roman Polak - PK : Xavier Ouellet, Damon Severson
Penalty Shots
Ryan Johansen, Viktor Arvidsson, Brayden Schenn, Alexander Wennberg, Casey Cizikas

Scratches
WSH CAP HIT (Suspend)

MONTREAL

5 vs 5 Forward 
   Center                   Left Wing                Right Wing               Time % Phy DF OF 
 1 Nathan MacKinnon         Max Pacioretty           Jason Pominville         35     1   2  2  
 2 Tyler Johnson            Vincent Trocheck         Rickard Rakell           30     1   2  2  
 3 Phillip Danault          Brian Gionta             Sven Andrighetto         25     1   2  2  
 4 Devin Shore              Micheal Ferland          Gabriel Dumont           10     1   2  2  

5 vs 5 Defense 
   Defense                  Defense                                           Time % Phy DF OF 
 1 Tyler Myers              Brian Dumoulin                                    35     1   2  2  
 2 Jason Demers             Nathan Beaulieu                                   30     1   2  2  
 3 Marc Staal               Tobias Enstrom                                    25     1   2  2  
 4 Tyler Myers              Brian Dumoulin                                    10     1   2  2  

PowerPlay Forward 
   Center                   Left Wing                Right Wing               Time % Phy DF OF 
 1 Nathan MacKinnon         Max Pacioretty           Jason Pominville         60     1   2  2  
 2 Vincent Trocheck         Rickard Rakell           Sven Andrighetto         40     1   2  2  

PowerPlay Defense
   Defense                  Defense                                           Time % Phy DF OF 
 1 Tyler Myers              Brian Dumoulin                                    60     1   2  2  
 2 Jason Demers             Marc Staal                                        40     1   2  2  

Penalty Kill 4 Players Forward 
   Center                   Wing                     Time % Phy DF OF 
 1 Max Pacioretty           Nathan MacKinnon         60     1   2  2  
 2 Vincent Trocheck         Tyler Johnson            40     1   2  2  

Penalty Kill 4 Players Defense
   Defense                  Defense                  Time % Phy DF OF 
 1 Tyler Myers              Brian Dumoulin           60     1   2  2  
 2 Jason Demers             Marc Staal               40     1   2  2  

Penalty Kill - 3 Players Forward 
   Forward                                           Time % Phy DF OF 
 1 Max Pacioretty                                    60     1   2  2  
 2 Nathan MacKinnon                                  40     1   2  2  

Penalty Kill - 3 Players Defense
   Defense                  Defense                  Time % Phy DF OF 
 1 Tyler Myers              Brian Dumoulin           60     1   2  2  
 2 Jason Demers             Marc Staal               40     1   2  2  

4 vs 4 Forward 
   Center                   Wing                     Time % Phy DF OF 
 1 Max Pacioretty           Nathan MacKinnon         60     1   2  2  
 2 Vincent Trocheck         Tyler Johnson            40     1   2  2  

4 vs 4 Defense
   Defense                  Defense                  Time % Phy DF OF 
 1 Tyler Myers              Brian Dumoulin           60     1   2  2  
 2 Jason Demers             Marc Staal               40     1   2  2  

Last Minutes Offensive
   Center                   Left Wing                Right Wing               Defense                  Defense                  
   Nathan MacKinnon         Max Pacioretty           Jason Pominville         Tyler Myers              Brian Dumoulin           

Last Minutes Defensive
   Center                   Left Wing                Right Wing               Defense                  Defense                  
   Nathan MacKinnon         Max Pacioretty           Jason Pominville         Tyler Myers              Brian Dumoulin           

Goaltenders
Starting : Robin Lehner             
Backup : Garret Sparks            

Extra Forwards
Normal : Devin Shore, Phillip Danault, Brian Gionta - PP : Devin Shore, Phillip Danault - PK : Brian Gionta
Extra Defensemen
Normal : Nathan Beaulieu, Tobias Enstrom, Jason Demers - PP : Nathan Beaulieu - PK : Tobias Enstrom, Jason Demers
Penalty Shots
Max Pacioretty, Nathan MacKinnon, Vincent Trocheck, Tyler Johnson, Rickard Rakell

Scratches
MTL CAP HIT (Suspend)

% Time on Ice - WASHINGTON

Lines # - Real PCT - Wanted PCT - Time Play
Normal Forward
1 - 34% - 40% - 15:49
2 - 30% - 35% - 13:55
3 - 26% - 20% - 11:57
4 - 10% - 5% - 4:26
Normal Defense
1 - 37% - 40% - 17:03
2 - 35% - 30% - 16:18
3 - 26% - 20% - 11:46
4 - 2% - 10% - 1:00
PP Forward
1 - 46% - 60% - 2:44
2 - 54% - 40% - 3:13
PP Defense
1 - 48% - 60% - 2:50
2 - 52% - 40% - 3:07
PK Forward
1 - 62% - 60% - 3:40
2 - 38% - 40% - 2:17
PK Defense
1 - 52% - 60% - 3:06
2 - 48% - 40% - 2:51
PK3 Forward
1 - 0% - 60%
2 - 0% - 40%
PK3 Defense
1 - 0% - 60%
2 - 0% - 40%
44 Forward
1 - 68% - 60% - 3:35
2 - 32% - 40% - 1:39
44 Defense
1 - 60% - 60% - 3:09
2 - 40% - 40% - 2:05
Last Minute Offensive  - 0:00
Last Minute Defensive  - 0:00
Total
Forward - 63:15
Defense - 63:15

% Time on Ice - MONTREAL

Lines # - Real PCT - Wanted PCT - Time Play
Normal Forward
1 - 34% - 35% - 15:28
2 - 30% - 30% - 13:40
3 - 25% - 25% - 11:44
4 - 11% - 10% - 5:15
Normal Defense
1 - 34% - 35% - 15:33
2 - 34% - 30% - 15:50
3 - 26% - 25% - 12:07
4 - 6% - 10% - 2:37
PP Forward
1 - 37% - 60% - 2:12
2 - 63% - 40% - 3:45
PP Defense
1 - 37% - 60% - 2:12
2 - 63% - 40% - 3:45
PK Forward
1 - 68% - 60% - 4:03
2 - 32% - 40% - 1:54
PK Defense
1 - 52% - 60% - 3:05
2 - 48% - 40% - 2:52
PK3 Forward
1 - 0% - 60%
2 - 0% - 40%
PK3 Defense
1 - 0% - 60%
2 - 0% - 40%
44 Forward
1 - 79% - 60% - 4:09
2 - 21% - 40% - 1:05
44 Defense
1 - 63% - 60% - 3:18
2 - 37% - 40% - 1:56
Last Minute Offensive  - 0:00
Last Minute Defensive  - 0:00
Total
Forward - 63:15
Defense - 63:15

Play by Play

1st period


0:01 of 1st period - Nathan MacKinnon wins face-off versus Ryan Johansen in neutral zone.
0:16 of 1st period - Shot by Max Pacioretty.
0:16 of 1st period - Stopped by Ryan Miller without a rebound.
0:17 of 1st period - Alexander Wennberg wins face-off versus Vincent Trocheck in WASHINGTON zone.
0:42 of 1st period - Shot by Vincent Trocheck.
0:42 of 1st period - Stopped by Ryan Miller with a rebound.
0:44 of 1st period - Shot by Vincent Trocheck.
0:44 of 1st period - Stopped by Ryan Miller without a rebound.
0:45 of 1st period - Phillip Danault wins face-off versus Joakim Nordstrom in WASHINGTON zone.
0:47 of 1st period - Sven Andrighetto is hit by Roman Polak and loses puck.
1:05 of 1st period - Minor Penalty to Roman Polak for Tripping.
1:06 of 1st period - Nathan MacKinnon wins face-off versus Viktor Arvidsson in WASHINGTON zone.
1:44 of 1st period - Shot by Nathan MacKinnon.
1:44 of 1st period - Stopped by Ryan Miller without a rebound.
1:45 of 1st period - Vincent Trocheck wins face-off versus Brayden Schenn in WASHINGTON zone.
2:02 of 1st period - Shot by Vincent Trocheck.
2:02 of 1st period - Shot Misses the Net.
2:12 of 1st period - Shot by Viktor Arvidsson.
2:12 of 1st period - Goal by Viktor Arvidsson - WASHINGTON : 1 - MONTREAL : 0.
2:13 of 1st period - Ryan Johansen wins face-off versus Nathan MacKinnon in neutral zone.
2:24 of 1st period - Shot by Jason Pominville.
2:24 of 1st period - Shot Blocked by Victor Hedman.
2:26 of 1st period - Shot by Max Pacioretty.
2:26 of 1st period - Stopped by Ryan Miller without a rebound.
2:27 of 1st period - Viktor Arvidsson wins face-off versus Vincent Trocheck in WASHINGTON zone.
2:54 of 1st period - Shot by Sven Andrighetto.
2:54 of 1st period - Shot Misses the Net.
2:56 of 1st period - Shot by Marc Staal.
2:56 of 1st period - Shot Misses the Net.
2:58 of 1st period - Shot by Vincent Trocheck.
2:58 of 1st period - Shot Misses the Net.
3:04 of 1st period - Shot by Sven Andrighetto.
3:04 of 1st period - Stopped by Ryan Miller without a rebound.
3:05 of 1st period - Alexander Wennberg wins face-off versus Nathan MacKinnon in WASHINGTON zone.
3:26 of 1st period - Shot by Casey Cizikas.
3:26 of 1st period - Stopped by Robin Lehner without a rebound.
3:27 of 1st period - Devin Shore wins face-off versus Joakim Nordstrom in MONTREAL zone.
3:27 of 1st period - Devin Shore is hit by Cal Clutterbuck.
3:57 of 1st period - Shot by Colin Wilson.
3:57 of 1st period - Stopped by Robin Lehner without a rebound.
3:58 of 1st period - Nathan MacKinnon wins face-off versus Viktor Arvidsson in MONTREAL zone.
3:58 of 1st period - Nathan MacKinnon is hit by Brayden Schenn.
4:41 of 1st period - Nathan MacKinnon is hit by Victor Hedman and loses puck.
4:53 of 1st period - Zach Werenski is hit by Marc Staal and loses puck.
4:57 of 1st period - Minor Penalty to Brayden Schenn for Holding.
4:58 of 1st period - Colin Wilson wins face-off versus Vincent Trocheck in WASHINGTON zone.
5:11 of 1st period - Shot by Marc Staal.
5:11 of 1st period - Shot Blocked by Damon Severson.
5:13 of 1st period - Shot by Marc Staal.
5:13 of 1st period - Shot Misses the Net.
5:15 of 1st period - Shot by Vincent Trocheck.
5:15 of 1st period - Deflect By Rickard Rakell.
5:15 of 1st period - Stopped by Ryan Miller without a rebound.
5:16 of 1st period - Ryan Johansen wins face-off versus Vincent Trocheck in WASHINGTON zone.
5:51 of 1st period - Shot by Vincent Trocheck.
5:51 of 1st period - Shot Misses the Net.
6:15 of 1st period - Colin Wilson is hit by Marc Staal and loses puck.
7:51 of 1st period - Icing by Tobias Enstrom.
7:52 of 1st period - Nathan MacKinnon wins face-off versus Joakim Nordstrom in MONTREAL zone.
9:22 of 1st period - Shot by Phillip Danault.
9:22 of 1st period - Shot Misses the Net.
9:24 of 1st period - Shot by Phillip Danault.
9:24 of 1st period - Shot Misses the Net.
9:58 of 1st period - Shot by Brayden Schenn.
9:58 of 1st period - Shot Misses the Net.
9:59 of 1st period - Minor Penalty to Brayden Schenn for Roughing.
10:00 of 1st period - Ryan Johansen wins face-off versus Jason Pominville in WASHINGTON zone.
11:13 of 1st period - Shot by Marc Staal.
11:13 of 1st period - Shot Blocked by Damon Severson.
12:00 of 1st period - Tobias Enstrom is hit by Rene Bourque and loses puck.
12:19 of 1st period - Shot by Rene Bourque.
12:19 of 1st period - Shot Misses the Net.
12:21 of 1st period - Shot by Roman Polak.
12:21 of 1st period - Stopped by Robin Lehner with a rebound.
12:31 of 1st period - Shot by Zemgus Girgensons.
12:31 of 1st period - Stopped by Robin Lehner without a rebound.
12:32 of 1st period - Tyler Johnson wins face-off versus Joakim Nordstrom in MONTREAL zone.
13:45 of 1st period - Ryan Johansen is hit by Brian Dumoulin and loses puck.
14:06 of 1st period - Shot by Brian Dumoulin.
14:06 of 1st period - Shot Misses the Net.
14:08 of 1st period - Shot by Tyler Myers.
14:08 of 1st period - Stopped by Ryan Miller without a rebound.
14:09 of 1st period - Nathan MacKinnon wins face-off versus Alexander Wennberg in WASHINGTON zone.
14:21 of 1st period - Icing by Roman Polak.
14:22 of 1st period - Phillip Danault wins face-off versus Alexander Wennberg in WASHINGTON zone.
14:29 of 1st period - Alexander Wennberg is hit by Phillip Danault and loses puck.
14:54 of 1st period - Shot by Alexander Wennberg.
14:54 of 1st period - Stopped by Robin Lehner without a rebound.
14:55 of 1st period - Nathan MacKinnon wins face-off versus Joakim Nordstrom in MONTREAL zone.
15:04 of 1st period - Shot by Max Pacioretty.
15:04 of 1st period - Shot Misses the Net.
15:13 of 1st period - Cal Clutterbuck is hit by Nathan MacKinnon and loses puck.
15:22 of 1st period - Shot by Cal Clutterbuck.
15:22 of 1st period - Shot Misses the Net.
15:24 of 1st period - Shot by Sami Vatanen.
15:24 of 1st period - Stopped by Robin Lehner without a rebound.
15:25 of 1st period - Ryan Johansen wins face-off versus Tyler Johnson in MONTREAL zone.
15:26 of 1st period - Shot by Victor Hedman.
15:26 of 1st period - Shot Misses the Net.
16:06 of 1st period - Shot by Ryan Johansen.
16:06 of 1st period - Shot Misses the Net.
16:08 of 1st period - Shot by Viktor Arvidsson.
16:08 of 1st period - Stopped by Robin Lehner with a rebound.
17:25 of 1st period - Shot by Max Pacioretty.
17:25 of 1st period - Shot Misses the Net.
17:38 of 1st period - Colin Wilson is hit by Tobias Enstrom and loses puck.
17:41 of 1st period - Shot by Colin Wilson.
17:41 of 1st period - Shot Misses the Net.
17:43 of 1st period - Shot by Colin Wilson.
17:43 of 1st period - Deflect By Joakim Nordstrom.
17:43 of 1st period - Shot Misses the Net.
17:45 of 1st period - Shot by Xavier Ouellet.
17:45 of 1st period - Shot Misses the Net.
17:55 of 1st period - Cal Clutterbuck is hit by Marc Staal and loses puck.
18:22 of 1st period - Shot by Nathan Gerbe.
18:22 of 1st period - Deflect By Rene Bourque.
18:22 of 1st period - Stopped by Robin Lehner without a rebound.
18:23 of 1st period - Devin Shore wins face-off versus Ryan Johansen in MONTREAL zone.
18:27 of 1st period - Off-side.
18:28 of 1st period - Rickard Rakell wins face-off versus Ryan Johansen in neutral zone.
18:30 of 1st period - Jason Demers is hit by Victor Hedman and loses puck.
19:04 of 1st period - Shot by Ryan Johansen.
19:04 of 1st period - Stopped by Robin Lehner without a rebound.
19:05 of 1st period - Nathan MacKinnon wins face-off versus Alexander Wennberg in MONTREAL zone.
19:28 of 1st period - Brett Ritchie is hit by Tyler Myers and loses puck.
Goals for this period are 1 for WASHINGTON vs 0 for MONTREAL.
Shots for this period are 10 for WASHINGTON vs 8 for MONTREAL.

2nd period


0:01 of 2nd period - Rickard Rakell wins face-off versus Ryan Johansen in neutral zone.
1:37 of 2nd period - Marc Staal and Alexander Wennberg fight to a draw.
1:37 of 2nd period - Penalty to Marc Staal for Fighting.
1:37 of 2nd period - Penalty to Alexander Wennberg for Fighting.
1:38 of 2nd period - Phillip Danault wins face-off versus Joakim Nordstrom in MONTREAL zone.
1:59 of 2nd period - Off-side.
2:00 of 2nd period - Devin Shore wins face-off versus Nathan Gerbe in neutral zone.
4:01 of 2nd period - Shot by Brayden Schenn.
4:01 of 2nd period - Stopped by Robin Lehner without a rebound.
4:02 of 2nd period - Ryan Johansen wins face-off versus Nathan MacKinnon in MONTREAL zone.
4:05 of 2nd period - Shot by Viktor Arvidsson.
4:05 of 2nd period - Deflect By Ryan Johansen.
4:05 of 2nd period - Shot Misses the Net.
4:21 of 2nd period - Icing by Nathan MacKinnon.
4:22 of 2nd period - Nathan MacKinnon wins face-off versus Nathan Gerbe in MONTREAL zone.
4:48 of 2nd period - Shot by Max Pacioretty.
4:48 of 2nd period - Goal by Max Pacioretty - WASHINGTON : 1 - MONTREAL : 1.
4:49 of 2nd period - Phillip Danault wins face-off versus Ryan Johansen in neutral zone.
5:14 of 2nd period - Brian Gionta is hit by Victor Hedman and loses puck.
5:38 of 2nd period - Minor Penalty to Vincent Trocheck for Roughing.
5:38 of 2nd period - Minor Penalty to Victor Hedman for Delaying the game.
5:39 of 2nd period - Ryan Johansen wins face-off versus Max Pacioretty in WASHINGTON zone.
5:54 of 2nd period - Shot by Ryan Johansen.
5:54 of 2nd period - Stopped by Robin Lehner without a rebound.
5:55 of 2nd period - Max Pacioretty wins face-off versus Ryan Johansen in MONTREAL zone.
6:08 of 2nd period - Shot by Roman Polak.
6:08 of 2nd period - Stopped by Robin Lehner without a rebound.
6:09 of 2nd period - Max Pacioretty wins face-off versus Nathan Gerbe in MONTREAL zone.
6:09 of 2nd period - Max Pacioretty is hit by Brayden Schenn.
6:39 of 2nd period - Shot by Max Pacioretty.
6:39 of 2nd period - Stopped by Ryan Miller without a rebound.
6:40 of 2nd period - Max Pacioretty wins face-off versus Ryan Johansen in WASHINGTON zone.
7:09 of 2nd period - Shot by Viktor Arvidsson.
7:09 of 2nd period - Stopped by Robin Lehner without a rebound.
7:10 of 2nd period - Ryan Johansen wins face-off versus Devin Shore in MONTREAL zone.
7:10 of 2nd period - Ryan Johansen is hit by Tyler Myers.
7:19 of 2nd period - Shot by Devin Shore.
7:19 of 2nd period - Stopped by Ryan Miller with a rebound.
7:21 of 2nd period - Shot by Brian Dumoulin.
7:21 of 2nd period - Shot Hit the Post.
7:25 of 2nd period - Shot by Tyler Johnson.
7:25 of 2nd period - Stopped by Ryan Miller without a rebound.
7:26 of 2nd period - Alexander Wennberg wins face-off versus Max Pacioretty in WASHINGTON zone.
8:30 of 2nd period - Sami Vatanen is hit by Jason Demers and loses puck.
8:44 of 2nd period - Vincent Trocheck is hit by Xavier Ouellet and loses puck.
8:50 of 2nd period - Icing by Casey Cizikas.
8:51 of 2nd period - Alexander Wennberg wins face-off versus Nathan MacKinnon in WASHINGTON zone.
10:11 of 2nd period - Off-side.
10:12 of 2nd period - Ryan Johansen wins face-off versus Devin Shore in neutral zone.
10:28 of 2nd period - Icing by Gabriel Dumont.
10:29 of 2nd period - Devin Shore wins face-off versus Joakim Nordstrom in MONTREAL zone.
10:36 of 2nd period - Shot by Micheal Ferland.
10:36 of 2nd period - Stopped by Ryan Miller without a rebound.
10:37 of 2nd period - Brian Gionta wins face-off versus Ryan Johansen in WASHINGTON zone.
10:57 of 2nd period - Victor Hedman is hit by Jason Demers and loses puck.
12:33 of 2nd period - Alexander Wennberg is hit by Marc Staal and loses puck.
13:11 of 2nd period - Shot by Vincent Trocheck.
13:11 of 2nd period - Stopped by Ryan Miller with a rebound.
13:13 of 2nd period - Shot by Tyler Johnson.
13:13 of 2nd period - Stopped by Ryan Miller without a rebound.
13:14 of 2nd period - Viktor Arvidsson wins face-off versus Sven Andrighetto in WASHINGTON zone.
13:16 of 2nd period - Victor Hedman is hit by Brian Gionta and loses puck.
13:29 of 2nd period - Shot by Ryan Johansen.
13:29 of 2nd period - Deflect By Viktor Arvidsson.
13:29 of 2nd period - Shot Misses the Net.
13:47 of 2nd period - Shot by Brian Gionta.
13:47 of 2nd period - Shot Misses the Net.
13:49 of 2nd period - Shot by Brian Gionta.
13:49 of 2nd period - Shot Misses the Net.
14:04 of 2nd period - Icing by Victor Hedman.
14:05 of 2nd period - Tyler Johnson wins face-off versus Ryan Johansen in WASHINGTON zone.
14:36 of 2nd period - Minor Penalty to Brian Dumoulin for Tripping.
14:37 of 2nd period - Nathan MacKinnon wins face-off versus Colin Wilson in MONTREAL zone.
14:37 of 2nd period - Nathan MacKinnon is hit by Casey Cizikas.
15:47 of 2nd period - Shot by Viktor Arvidsson.
15:47 of 2nd period - Shot Misses the Net.
16:08 of 2nd period - Off-side.
16:09 of 2nd period - Max Pacioretty wins face-off versus Alexander Wennberg in neutral zone.
16:39 of 2nd period - Shot by Zach Werenski.
16:39 of 2nd period - Shot Misses the Net.
16:45 of 2nd period - Zemgus Girgensons is hit by Phillip Danault and loses puck.
16:52 of 2nd period - Shot by Phillip Danault.
16:52 of 2nd period - Stopped by Ryan Miller without a rebound.
16:53 of 2nd period - Rickard Rakell wins face-off versus Ryan Johansen in WASHINGTON zone.
16:59 of 2nd period - Tyler Johnson is hit by Damon Severson and loses puck.
17:59 of 2nd period - Shot by Rene Bourque.
17:59 of 2nd period - Stopped by Robin Lehner without a rebound.
18:00 of 2nd period - Nathan MacKinnon wins face-off versus Alexander Wennberg in MONTREAL zone.
18:21 of 2nd period - Shot by Alexander Wennberg.
18:21 of 2nd period - Shot Blocked by Tobias Enstrom.
18:23 of 2nd period - Shot by Xavier Ouellet.
18:23 of 2nd period - Shot Misses the Net.
18:25 of 2nd period - Shot by Alexander Wennberg.
18:25 of 2nd period - Shot Misses the Net.
18:29 of 2nd period - Shot by Brett Ritchie.
18:29 of 2nd period - Shot Blocked by Tobias Enstrom.
18:37 of 2nd period - Shot by Casey Cizikas.
18:37 of 2nd period - Stopped by Robin Lehner with a rebound.
18:46 of 2nd period - Off-side.
18:47 of 2nd period - Ryan Johansen wins face-off versus Tyler Johnson in neutral zone.
18:52 of 2nd period - Icing by Nathan Beaulieu.
18:53 of 2nd period - Ryan Johansen wins face-off versus Tyler Johnson in MONTREAL zone.
18:53 of 2nd period - Zach Werenski is hit by Jason Demers and loses puck.
19:04 of 2nd period - Ryan Johansen is hit by Jason Demers and loses puck.
19:08 of 2nd period - Icing by Jason Demers.
19:09 of 2nd period - Tyler Johnson wins face-off versus Joakim Nordstrom in MONTREAL zone.
19:09 of 2nd period - Tyler Johnson is hit by Cal Clutterbuck.
Goals for this period are 0 for WASHINGTON vs 1 for MONTREAL.
Shots for this period are 6 for WASHINGTON vs 8 for MONTREAL.

3rd period


0:01 of 3rd period - Nathan MacKinnon wins face-off versus Ryan Johansen in neutral zone.
0:04 of 3rd period - Victor Hedman is hit by Jason Pominville and loses puck.
0:38 of 3rd period - Shot by Max Pacioretty.
0:38 of 3rd period - Stopped by Ryan Miller without a rebound.
0:39 of 3rd period - Alexander Wennberg wins face-off versus Phillip Danault in WASHINGTON zone.
0:48 of 3rd period - Shot by Brian Gionta.
0:48 of 3rd period - Stopped by Ryan Miller without a rebound.
0:49 of 3rd period - Tyler Johnson wins face-off versus Joakim Nordstrom in WASHINGTON zone.
0:49 of 3rd period - Tyler Johnson is hit by Roman Polak.
0:51 of 3rd period - Shot by Vincent Trocheck.
0:51 of 3rd period - Stopped by Ryan Miller without a rebound.
0:52 of 3rd period - Phillip Danault wins face-off versus Alexander Wennberg in WASHINGTON zone.
0:55 of 3rd period - Shot by Sven Andrighetto.
0:55 of 3rd period - Goal by Sven Andrighetto - WASHINGTON : 1 - MONTREAL : 2.
0:56 of 3rd period - Ryan Johansen wins face-off versus Nathan MacKinnon in neutral zone.
1:07 of 3rd period - Shot by Nathan MacKinnon.
1:07 of 3rd period - Stopped by Ryan Miller without a rebound.
1:08 of 3rd period - Phillip Danault wins face-off versus Alexander Wennberg in WASHINGTON zone.
1:24 of 3rd period - Icing by Sven Andrighetto.
1:25 of 3rd period - Ryan Johansen wins face-off versus Phillip Danault in MONTREAL zone.
1:46 of 3rd period - Victor Hedman is hit by Phillip Danault and loses puck.
2:24 of 3rd period - Nathan MacKinnon is hit by Sami Vatanen and loses puck.
2:37 of 3rd period - Brian Dumoulin is hit by Brett Ritchie and loses puck.
2:44 of 3rd period - Shot by Alexander Wennberg.
2:44 of 3rd period - Stopped by Robin Lehner without a rebound.
2:45 of 3rd period - Tyler Johnson wins face-off versus Joakim Nordstrom in MONTREAL zone.
3:12 of 3rd period - Shot by Colin Wilson.
3:12 of 3rd period - Shot Misses the Net.
4:30 of 3rd period - Shot by Nathan MacKinnon.
4:30 of 3rd period - Shot Misses the Net.
4:52 of 3rd period - Icing by Xavier Ouellet.
4:53 of 3rd period - Phillip Danault wins face-off versus Joakim Nordstrom in WASHINGTON zone.
4:56 of 3rd period - Shot by Sven Andrighetto.
4:56 of 3rd period - Stopped by Ryan Miller with a rebound.
5:04 of 3rd period - Shot by Brian Gionta.
5:04 of 3rd period - Stopped by Ryan Miller without a rebound.
5:05 of 3rd period - Ryan Johansen wins face-off versus Tyler Johnson in WASHINGTON zone.
5:22 of 3rd period - Shot by Brayden Schenn.
5:22 of 3rd period - Shot Blocked by Tyler Myers.
5:38 of 3rd period - Shot by Tyler Johnson.
5:38 of 3rd period - Stopped by Ryan Miller without a rebound.
5:39 of 3rd period - Nathan MacKinnon wins face-off versus Brett Ritchie in WASHINGTON zone.
5:51 of 3rd period - Icing by Sami Vatanen.
5:52 of 3rd period - Alexander Wennberg wins face-off versus Brian Gionta in WASHINGTON zone.
6:03 of 3rd period - Shot by Alexander Wennberg.
6:03 of 3rd period - Stopped by Robin Lehner without a rebound.
6:04 of 3rd period - Nathan MacKinnon wins face-off versus Ryan Johansen in MONTREAL zone.
6:04 of 3rd period - Brian Dumoulin is hit by Viktor Arvidsson and loses puck.
6:12 of 3rd period - Max Pacioretty is hit by Brayden Schenn and loses puck.
6:20 of 3rd period - Icing by Zach Werenski.
6:21 of 3rd period - Phillip Danault wins face-off versus Ryan Johansen in WASHINGTON zone.
6:22 of 3rd period - Shot by Brian Gionta.
6:22 of 3rd period - Stopped by Ryan Miller without a rebound.
6:23 of 3rd period - Nathan MacKinnon wins face-off versus Ryan Johansen in WASHINGTON zone.
6:28 of 3rd period - Shot by Max Pacioretty.
6:28 of 3rd period - Stopped by Ryan Miller with a rebound.
6:30 of 3rd period - Shot by Brian Dumoulin.
6:30 of 3rd period - Shot Misses the Net.
6:32 of 3rd period - Shot by Nathan MacKinnon.
6:32 of 3rd period - Shot Misses the Net.
6:34 of 3rd period - Shot by Brian Dumoulin.
6:34 of 3rd period - Shot Misses the Net.
6:56 of 3rd period - Shot by Max Pacioretty.
6:56 of 3rd period - Stopped by Ryan Miller without a rebound.
6:57 of 3rd period - Alexander Wennberg wins face-off versus Phillip Danault in WASHINGTON zone.
7:48 of 3rd period - Icing by Sami Vatanen.
7:49 of 3rd period - Nathan MacKinnon wins face-off versus Alexander Wennberg in WASHINGTON zone.
7:57 of 3rd period - Icing by Casey Cizikas.
7:58 of 3rd period - Alexander Wennberg wins face-off versus Jason Pominville in WASHINGTON zone.
7:58 of 3rd period - Alexander Wennberg is hit by Max Pacioretty.
8:11 of 3rd period - Icing by Max Pacioretty.
8:12 of 3rd period - Jason Pominville wins face-off versus Brayden Schenn in MONTREAL zone.
8:22 of 3rd period - Minor Penalty to Tyler Myers for Interference.
8:23 of 3rd period - Ryan Johansen wins face-off versus Max Pacioretty in MONTREAL zone.
9:04 of 3rd period - Shot by Brayden Schenn.
9:04 of 3rd period - Deflect By Viktor Arvidsson.
9:04 of 3rd period - Stopped by Robin Lehner without a rebound.
9:05 of 3rd period - Alexander Wennberg wins face-off versus Max Pacioretty in MONTREAL zone.
9:27 of 3rd period - Shot by Roman Polak.
9:27 of 3rd period - Stopped by Robin Lehner with a rebound.
10:27 of 3rd period - Shot by Victor Hedman.
10:27 of 3rd period - Stopped by Robin Lehner without a rebound.
10:27 of 3rd period - Minor Penalty to Jason Demers for Interference.
10:28 of 3rd period - Max Pacioretty wins face-off versus Ryan Johansen in MONTREAL zone.
10:41 of 3rd period - Shot by Nathan MacKinnon.
10:41 of 3rd period - Shot Misses the Net.
12:20 of 3rd period - Shot by Brayden Schenn.
12:20 of 3rd period - Stopped by Robin Lehner without a rebound.
12:21 of 3rd period - Max Pacioretty wins face-off versus Alexander Wennberg in MONTREAL zone.
12:21 of 3rd period - Max Pacioretty is hit by Nathan Gerbe.
12:43 of 3rd period - Shot by Phillip Danault.
12:43 of 3rd period - Deflect By Sven Andrighetto.
12:43 of 3rd period - Stopped by Ryan Miller without a rebound.
12:44 of 3rd period - Tyler Johnson wins face-off versus Joakim Nordstrom in WASHINGTON zone.
13:02 of 3rd period - Icing by Vincent Trocheck.
13:03 of 3rd period - Tyler Johnson wins face-off versus Zemgus Girgensons in MONTREAL zone.
13:08 of 3rd period - Shot by Vincent Trocheck.
13:08 of 3rd period - Shot Blocked by Victor Hedman.
13:35 of 3rd period - Icing by Zach Werenski.
13:36 of 3rd period - Nathan MacKinnon wins face-off versus Zemgus Girgensons in WASHINGTON zone.
13:43 of 3rd period - Shot by Max Pacioretty.
13:43 of 3rd period - Stopped by Ryan Miller without a rebound.
13:44 of 3rd period - Ryan Johansen wins face-off versus Nathan MacKinnon in WASHINGTON zone.
14:04 of 3rd period - Icing by Ryan Johansen.
14:05 of 3rd period - Ryan Johansen wins face-off versus Rickard Rakell in WASHINGTON zone.
14:12 of 3rd period - Shot by Viktor Arvidsson.
14:12 of 3rd period - Shot Misses the Net.
15:12 of 3rd period - Shot by Nathan MacKinnon.
15:12 of 3rd period - Shot Misses the Net.
15:50 of 3rd period - Zach Werenski is hit by Nathan MacKinnon and loses puck.
16:13 of 3rd period - Icing by Jason Demers.
16:14 of 3rd period - Phillip Danault wins face-off versus Ryan Johansen in MONTREAL zone.
16:25 of 3rd period - Shot by Viktor Arvidsson.
16:25 of 3rd period - Goal by Viktor Arvidsson - WASHINGTON : 2 - MONTREAL : 2.
16:26 of 3rd period - Joakim Nordstrom wins face-off versus Tyler Johnson in neutral zone.
16:59 of 3rd period - Shot by Tobias Enstrom.
16:59 of 3rd period - Shot Blocked by Roman Polak.
17:01 of 3rd period - Shot by Tobias Enstrom.
17:01 of 3rd period - Shot Misses the Net.
17:03 of 3rd period - Shot by Tobias Enstrom.
17:03 of 3rd period - Shot Misses the Net.
17:05 of 3rd period - Shot by Rickard Rakell.
17:05 of 3rd period - Shot Hit the Post.
17:07 of 3rd period - Shot by Tobias Enstrom.
17:07 of 3rd period - Shot Misses the Net.
17:09 of 3rd period - Shot by Tobias Enstrom.
17:09 of 3rd period - Deflect By Tyler Johnson.
17:09 of 3rd period - Shot Misses the Net.
17:11 of 3rd period - Shot by Marc Staal.
17:11 of 3rd period - Deflect By Tyler Johnson.
17:11 of 3rd period - Stopped by Ryan Miller with a rebound.
18:18 of 3rd period - Brayden Schenn is hit by Nathan Beaulieu and loses puck.
18:23 of 3rd period - Shot by Viktor Arvidsson.
18:23 of 3rd period - Shot Misses the Net.
19:56 of 3rd period - Casey Cizikas is hit by Marc Staal and loses puck.
Goals for this period are 1 for WASHINGTON vs 1 for MONTREAL.
Shots for this period are 7 for WASHINGTON vs 14 for MONTREAL.

Overtime #1


0:01 of 1st overtime period - Ryan Johansen wins face-off versus Max Pacioretty in neutral zone.
0:14 of 1st overtime period - Nathan MacKinnon is hit by Victor Hedman and loses puck.
0:17 of 1st overtime period - Shot by Tyler Myers.
0:17 of 1st overtime period - Shot Blocked by Zach Werenski.
0:19 of 1st overtime period - Shot by Max Pacioretty.
0:19 of 1st overtime period - Stopped by Ryan Miller without a rebound.
0:20 of 1st overtime period - Ryan Johansen wins face-off versus Max Pacioretty in WASHINGTON zone.
0:42 of 1st overtime period - Shot by Ryan Johansen.
0:42 of 1st overtime period - Stopped by Robin Lehner without a rebound.
0:43 of 1st overtime period - Ryan Johansen wins face-off versus Max Pacioretty in MONTREAL zone.
1:28 of 1st overtime period - Brayden Schenn is hit by Nathan MacKinnon.
2:48 of 1st overtime period - Icing by Victor Hedman.
2:49 of 1st overtime period - Ryan Johansen wins face-off versus Devin Shore in WASHINGTON zone.
3:14 of 1st overtime period - Shot by Devin Shore.
3:14 of 1st overtime period - Goal by Devin Shore - WASHINGTON : 2 - MONTREAL : 3.
Goals for this period are 0 for WASHINGTON vs 1 for MONTREAL.
Shots for this period are 1 for WASHINGTON vs 2 for MONTREAL.